AoeStats
← SirEscara19

Northern Isles

510664288Analyzed
1v1 RM · 21h ago on Oct 2, 2026· 54m 21s· 2 players
Game mode
Random Map
Map size
Tiny (2 player)
Population
200
Speed
Normal
Resources
Standard
Victory
Conquest
Starting age
Dark Age
Ending age
Imperial Age
RankedLock teamsTeams togetherTeam positionsShared explorationLock speedFull tech treeHidden civsTurbo modeCheats
Victory
Defeat
🇨🇳 Slavs · China
829
+16
🇺🇾 Celts · Uruguay
823
-16
SirEscara19
7:05 Loom
11:22 Feudal Age
12:09 Feudal Age
13:59 Wheelbarrow
13:17 Town Watch
13:20 Double-Bit Axe
19:48 Castle Age
21:24 Bow Saw
22:47 Fletching
26:17 Horse Collar
27:50 Heavy Plow
28:39 Ballistics
31:02 Hand Cart
30:49 Gold Mining
32:00 Town Patrol
32:27 Murder Holes
32:44 Pikeman
3241167907
11:01 Feudal Age
9:56 Loom
11:30 Double-Bit Axe
15:11 Gold Mining
16:33 Bloodlines
16:43 Forging
22:20 Castle Age
21:42 Fletching
21:53 Padded Archer Armor
22:29 Crossbowman
23:56 Husbandry
24:12 Bow Saw
24:47 Bodkin Arrow
25:09 Leather Archer Armor
26:47 Horse Collar
28:25 Stone Mining
28:42 Heavy Plow
30:14 Scale Barding Armor
30:19 Town Watch
31:21 Wheelbarrow
32:56 Gold Shaft Mining
33:18 Ballistics
40:11 Imperial Age
40:15 Iron Casting
39:41 Scale Mail Armor
46:33 Crop Rotation
46:53 Demolition Ship
47:44 Medium Warships
48:32 Hand Cart
48:19 Town Patrol
49:33 Heavy Warships
52:27 Two-Man Saw
52:14 Conscription
53:28 Chemistry
52:42 Clinker Construction
54:59 Careening
55:25 Ring Archer Armor
55:56 Blast Furnace
54:57 Scale Mail Armor
55:17 Chain Barding Armor
Connection lost

Rejoining the realm…

Still unreachable

The connection could not be restored.

Session expired

The server has moved on; the page needs a fresh start.